 Dungeon Crawl Stone Soup version 0.28-b1-25-g9875b3fc8c (webtiles) character file.

Game seed: 2927639486580699373

109575 inmateoo the Bludgeoner (level 16, -9/105 HPs)
             Began as a Gargoyle Fighter on Feb 7, 2022.
             Was an Initiate of Gozag.
             Mangled by an entropy weaver simulacrum (30 damage)
             ... on level 2 of the Spider Nest.
             The game lasted 00:33:30 (24171 turns).

inmateoo the Bludgeoner (Gargoyle Fighter)         Turns: 24171, Time: 00:33:31

Health: -9/105     AC: 40    Str: 23    XL:     16   Next: 52%
Magic:  16/16      EV: 14    Int: 10    God:    Gozag
Gold:   2150       SH:  7    Dex: 13    Spells: 13/15 levels left

rFire   + . .      SeeInvis .   a - +5 morningstar
rCold   . . .      Faith    .   c - +0 buckler
rNeg    + . .      Spirit   .   K - +2 plate armour {rF+}
rPois   ∞          Reflect  .   u - +2 hat
rElec   +          Harm     .   I - +1 cloak {Stlth+}
rCorr   .          Rampage  .   A - +1 pair of gloves
Will    ++...                   m - +2 pair of boots
Stlth   ..........              k - amulet of regeneration
HPRegen 1.07/turn               o - +4 ring of evasion
MPRegen 0.15/turn               O - ring of willpower

@: flying
A: sickness immunity, AC +12, big wings, negative energy resistance 1,
electricity resistance, torment resistance 1, petrification resistance
a: Renounce Religion, Potion Petition, Call Merchant, Bribe Branch


You were on level 2 of the Spider Nest.
You worshipped Gozag.
Gozag was most pleased with you.
You visited 5 branches of the dungeon, and saw 26 of its levels.

You collected 7148 gold pieces.
You spent 2861 gold pieces at shops.
You paid 2137 gold pieces to Gozag.

Inventory:

Hand Weapons
 a - a +5 morningstar (weapon)
 j - the +4 hand axe of Baleful Fortitude {drain, rN+ Str+3 Dex+2}
   (You found it on level 3 of the Dungeon)

   A truly terrible weapon, it drains the life of any living foe it strikes.
   Str:       It affects your strength (+3).
   Dex:       It affects your dexterity (+2).
   rN:        It protects you from negative energy.
 y - a +2 flail of venom
Missiles
 w - 2 throwing nets (quivered)
Armour
 c - a +0 buckler (worn)
 m - a +2 pair of boots (worn)
 u - a +2 hat (worn)
 A - a +1 pair of gloves (worn)
 I - a +1 cloak of stealth (worn)
 K - a +2 plate armour of fire resistance (worn)
Jewellery
 k - an amulet of regeneration (around neck)
 o - a +4 ring of evasion (left hand)
 L - a ring of see invisible
 O - a ring of willpower (right hand)
Wands
 e - a wand of iceblast (5)
 p - a wand of polymorph (16)
 H - a wand of acid (9)
 N - a wand of flame (23)
Scrolls
 b - 15 scrolls of identify
 f - 9 scrolls of enchant weapon
 g - a scroll of magic mapping
 n - 6 scrolls of fear
 q - a scroll of holy word
 B - 8 scrolls of teleportation
 D - a scroll of amnesia
 E - 3 scrolls of silence
 G - a scroll of blinking
 M - a scroll of fog
Potions
 d - 6 potions of might
 i - 2 potions of mutation
 l - 2 potions of lignification
 r - 2 potions of heal wounds
 s - 14 potions of curing
 t - 5 potions of resistance
 v - 2 potions of invisibility
 x - 3 potions of brilliance
 C - 2 potions of cancellation
Miscellaneous
 h - a phantom mirror (inert)
 F - a condenser vane
 J - a box of beasts


   Skills:
 + Level 13.9 Fighting
 - Level 18.0 Maces & Flails
 + Level 12.3 Armour
 - Level 8.0 Dodging
 + Level 12.4 Shields
 + Level 8.0 Evocations


You had 13 spell levels left.
You knew the following spells:

 Your Spells              Type           Power      Damage    Failure   Level
a - Passwall              Tmut/Erth      0%         N/A       100%        2

Your spell library contained the following spells:

 Spells                   Type           Power      Damage    Failure   Level
 Pain                     Necr           0%         1d4       99%         1
 Sandblast                Erth           0%         2d4       99%         1
 Shock                    Conj/Air       0%         1d3       99%         1
 Slow                     Hex            0%         N/A       99%         1
 Sting                    Tmut/Pois      0%         1d3       99%         1
 Blink                    Tloc           0%         N/A       100%        2
 Corpse Rot               Necr/Air       0%         N/A       100%        2
 Ensorcelled Hibernation  Hex/Ice        0%         N/A       100%        2
 Poisonous Vapours        Pois/Air       0%         N/A       100%        2
 Static Discharge         Conj/Air       0%         N/A       100%        2
 Call Canine Familiar     Summ           0%         N/A       100%        3
 Confusing Touch          Hex            0%         N/A       100%        3
 Frozen Ramparts          Ice            0%         1d2       100%        3
 Gell's Gravitas          Tloc           0%         N/A       100%        3
 Lesser Beckoning         Tloc           0%         N/A       100%        3
 Portal Projectile        Hex/Tloc       0%         N/A       100%        3
 Spider Form              Tmut/Pois      0%         N/A       100%        3
 Stone Arrow              Conj/Erth      0%         3d7       100%        3
 Swiftness                Air            0%         N/A       100%        3
 Teleport Other           Tloc           0%         N/A       100%        3
 Vampiric Draining        Necr           0%         2d6       100%        3
 Airstrike                Air            0%         N/A       100%        4
 Anguish                  Hex/Necr       0%         N/A       100%        4
 Dispel Undead            Necr           0%         3d6       100%        4
 Ice Form                 Ice/Tmut       0%         N/A       100%        4
 Leda's Liquefaction      Hex/Erth       0%         N/A       100%        4
 Olgreb's Toxic Radiance  Pois           0%         N/A       100%        4
 Sticky Flame             Conj/Fire      0%         2d3       100%        4
 Summon Ice Beast         Ice/Summ       0%         N/A       100%        4
 Borgnjor's Vile Clutch   Necr/Erth      0%         N/A       100%        5
 Freezing Cloud           Conj/Ice/Air   0%         6-21      100%        5
 Lee's Rapid Deconstruct  Erth           0%         3d5*      100%        5
 Manifold Assault         Tloc           0%         N/A       100%        5
 Simulacrum               Ice/Necr       0%         N/A       100%        6
 Ozocubu's Refrigeration  Ice            0%         4d5       100%        7
 Polar Vortex             Ice            0%         N/A       100%        9
 Shatter                  Erth           0%         3d5*      100%        9
 Sublimation of Blood     Necr           Unusable   N/A       N/A         2
 Statue Form              Tmut/Erth      Unusable   N/A       N/A         6

Dungeon Overview and Level Annotations

Branches:
Dungeon (15/15)            Temple (1/1) D:7            Lair (6/6) D:11
  Swamp (0/4) Lair:4       Spider (2/4) Lair:4        Slime (0/5) Lair:6
    Orc (2/2) D:9             Elf (0/3) Orc:2        Vaults (0/5) D:13
 Depths (0/4) D:15

Altars:
Ashenzari
Cheibriados
Dithmenos
Elyvilon
Gozag
Hepliaklqana
Makhleb
Nemelex Xobeh
Okawaru
Qazlal
Ru
Sif Muna
Trog
Uskayaw
Vehumet
Wu Jian
Xom
Yredelemnul
Zin
The Shining One
Beogh

Shops:
D:1 :   D:5 [   Orc:2 **?*   Spider:1 (

Portals:
Ice
Cave: Spider:2


Innate Abilities, Weirdness & Mutations

You are immune to sickness and miasma.
Your stone body is resilient. (AC +12)
You are immune to poison.
Your large and strong wings let you fly.
You resist negative energy. (rN+)
You are resistant to electric shocks. (rElec)
You are resistant to unholy torment.
You are immune to petrification.


Message History

The entropy weaver simulacrum is distracted by your dazzling golden aura.
You swing at nothing.
The deep troll simulacrum is distracted by your dazzling golden aura.
You swing at nothing.
You swing at nothing.
The alligator simulacrum is distracted by your dazzling golden aura.
You swing at nothing.
The alligator simulacrum is no longer distracted by gold.
The entropy weaver simulacrum is no longer distracted by gold.
You swing at nothing.
You swing at nothing.
The deep troll simulacrum is no longer distracted by gold.
You bludgeon the entropy weaver simulacrum!!
The entropy weaver simulacrum is heavily damaged.
The entropy weaver simulacrum closely misses you.
You block the entropy weaver simulacrum's attack.
The entropy weaver simulacrum hits you but does no damage. x2
You puncture the entropy weaver simulacrum!
The entropy weaver simulacrum is severely damaged.
You barely miss the entropy weaver simulacrum.
The entropy weaver simulacrum is severely damaged.
The entropy weaver simulacrum hits you but does no damage. x2
The entropy weaver simulacrum barely misses you.
The entropy weaver simulacrum misses you.
You closely miss the entropy weaver simulacrum.
The entropy weaver simulacrum is severely damaged.
The entropy weaver simulacrum hits you but does no damage. x2
The entropy weaver simulacrum hits you.
The entropy weaver simulacrum freezes you!!
The entropy weaver simulacrum hits you.
The entropy weaver simulacrum freezes you!!!
* * * LOW HITPOINT WARNING * * *
You hit the entropy weaver simulacrum.
The entropy weaver simulacrum is severely damaged.
You block the entropy weaver simulacrum's attack.
The entropy weaver simulacrum hits you.
* * * LOW HITPOINT WARNING * * *
The entropy weaver simulacrum freezes you!!
You die...
Your body crumbles into a pile of gold.

*,,,,**** #..###.....#,,,,,****
,,,,,,,$* #..<........,,,,,**
,,,,,,,,** ##..........^,***,,**
,,,,,,,,,**#.#.......##,** **,,*
,,,,,,,,,*#.#.......##*,* **,**
,,,,,,,,,..##....<.## **** **,*
,,,,,.....#*#......# *,*******,
,,,,,.....* ##....## *,,,,,* **
,,,,,,...,* ###@## *,,,,,** *
^,,,,,,...* #Z## **,,,,,,* *
,,,,,,,*#.#####Z# **,,,,,,,***
,,,,,***##^#.#Z## *,,,,,,,,,*,
*,****###......# **,,,,,,,,,,*
*** **#........#*****,,,,,,,,,,,*
**.............#*,,,,,,,,,,,,* **
*,............#..,,,,,,,,,,,,*
,***,............#**,,,,,,,,,,,,,


You could see an alligator simulacrum, a deep troll simulacrum and an entropy
weaver simulacrum.

Vanquished Creatures
  Frances (D:13)
  Kirke (D:15)
  A dire elephant (Lair:5)
  Azrael (D:15)
  The ghost of ZodNigurash the Fighter, a journeyman DjFE of Ashenzari (Lair:1)
  Snorg (D:13)
  Josephine (D:10)
  4 boulder beetles
  10 hydras
  3 ogre magi
  4 vault guards (D:13)
  3 catoblepae
  4 centaur warriors
  Erica (D:10)
  17 two-headed ogres
  5 death yaks (Lair:6)
  A deep troll shaman (Lair:6)
  Urug (Lair:2)
  A tengu warrior (D:14)
  An orc high priest (Orc:1)
  A pharaoh ant (Spider:1)
  3 orb spiders
  2 deep trolls
  2 spriggan simulacra (Spider:2)
  A wolf spider zombie (D:15)
  An orc knight (D:13)
  3 wizards (D:15)
  An oklob plant (Lair:3)
  2 orc sorcerers
  6 manticores
  A necromancer (D:15)
  11 ugly things
  4 cyclopes
  2 deep elf pyromancers
  A wolf spider (Spider:1)
  5 black mambas
  2 elephants (Lair:6)
  Maggie (Lair:1)
  2 moths of wrath (Lair:1)
  A guardian serpent (shapeshifter) (D:15)
  4 gargoyles
  16 cane toads
  A demonic crawler (Spider:1)
  A freezing wraith (D:14)
  3 yaktaurs
  2 unseen horrors
  2 rime drakes
  8 komodo dragons
  2 efreet
  2 anaconda simulacra (Spider:2)
  A tengu conjurer (D:13)
  3 meliai (Spider:1)
  3 polar bears
  A hornet (shapeshifter) (D:14)
  9 trolls
  4 tarantellas
  3 hornets
  15 blink frogs
  25 slime creatures
  9 jumping spiders (Spider:1)
  5 spriggans (Lair:1)
  A vampire (D:12)
  2 centaur simulacra (D:15)
  A shadow (D:12)
  A yak (shapeshifter) (D:13)
  2 culicivoras (Spider:1)
  5 wraiths
  2 wyverns (Lair:3)
  32 yaks
  5 basilisks
  3 fire elementals (D:15)
  A human (D:13)
  A minotaur simulacrum (Spider:2)
  9 vampire mosquitoes
  A steam dragon (D:10)
  17 redbacks
  A warg (Orc:1)
  12 water moccasins
  2 acid dragons
  2 hell hounds (D:15)
  Duvessa (D:6)
  An ice beast (D:7)
  3 black bears
  10 orc warriors
  5 sky beasts
  2 necrophages (D:4)
  22 ogres
  20 wolves
  14 centaurs
  3 phantoms
  6 bullfrogs
  3 scorpions
  Dowan (D:6)
  5 killer bees
  8 wights
  3 howler monkeys
  An electric eel (D:13)
  4 centaur zombies
  2 hounds
  9 orc priests
  5 centaur skeletons
  A gnoll shaman (D:6)
  Crazy Yiuf (D:3)
  3 jellies
  A bullfrog skeleton (D:7)
  12 orc wizards
  5 hell rats
  A killer bee zombie (D:5)
  A hound zombie (D:5)
  2 hound skeletons
  2 howler monkey zombies
  12 gnolls
  5 howler monkey skeletons
  8 adders
  A shadow imp (D:7)
  3 white imps
  A worm (D:2)
  2 dart slugs (D:4)
  34 orcs
  5 endoplasms
  3 giant cockroaches
  6 goblins
  8 hobgoblins
  7 jackals
  4 kobolds
  4 quokkas
  2 ball pythons
  4 bats (D:2)
  3 frilled lizards (D:2)
  2 rats
  A spectral kobold (D:4)
605 creatures vanquished.

Vanquished Creatures (collateral kills)
  A hydra (D:10)
  A spriggan berserker (Lair:1)
2 creatures vanquished.

Vanquished Creatures (others)
  A demonic crawler (Spider:1)
  3 humans (D:15)
  A vampire mosquito (D:15)
  A hell hound (D:15)
  A demonic plant (D:1)
  19 fungi
  19 plants
45 creatures vanquished.

Grand Total: 652 creatures vanquished

Notes
Turn   | Place    | Note
-------+----------+-------------------------------------------
     0 | D:1      | inmateoo the Gargoyle Fighter began the quest for the Orb.
     0 | D:1      | Reached XP level 1. HP: 14/14 MP: 1/1
    91 | D:1      | Found a faded altar of an unknown god.
   145 | D:1      | Found Motuh's Book Boutique.
   702 | D:1      | Reached XP level 2. HP: 18/19 MP: 2/2
  1221 | D:2      | Reached XP level 3. HP: 17/23 MP: 3/3
  1538 | D:2      | Identified the +2 dagger of Risk Management {pain, Str+9}
  1767 | D:2      | Reached skill level 3 in Maces & Flails
  1941 | D:1      | Reached XP level 4. HP: 18/29 MP: 4/4
  2365 | D:3      | Noticed an ogre
  2429 | D:3      | Identified the +4 hand axe of Baleful Fortitude {drain, rN+
                  | Str+3 Dex+2}
  2614 | D:3      | Reached XP level 5. HP: 33/33 MP: 5/5
  2659 | D:3      | Killed an ogre
  2660 | D:3      | Reached skill level 1 in Dodging
  2891 | D:3      | Found a runed translucent door.
  2892 | D:3      | Noticed Crazy Yiuf
  2897 | D:3      | Killed Crazy Yiuf
  2898 | D:3      | Reached skill level 4 in Maces & Flails
  2898 | D:3      | Reached XP level 6. HP: 33/38 MP: 6/6
  3330 | D:4      | Noticed a necrophage
  3351 | D:4      | Killed a necrophage
  3376 | D:4      | Noticed a necrophage
  3387 | D:4      | Killed a necrophage
  3388 | D:4      | Reached XP level 7. HP: 44/44 MP: 7/7
  3429 | D:4      | Reached skill level 5 in Maces & Flails
  4150 | D:4      | Found a hazy altar of Hepliaklqana.
  4243 | D:5      | Entered Level 5 of the Dungeon
  4320 | D:5      | Found Reomm's Antique Armour Boutique.
  4450 | D:5      | Reached skill level 5 in Fighting
  4450 | D:5      | Reached skill level 5 in Armour
  4450 | D:5      | Reached skill level 5 in Shields
  4558 | D:5      | Reached XP level 8. HP: 46/49 MP: 8/8
  4893 | D:6      | Reached skill level 6 in Maces & Flails
  5002 | D:6      | Found a shimmering blue altar of Sif Muna.
  5026 | D:6      | Found a bloodstained altar of Trog.
  5139 | D:6      | Noticed Duvessa
  5139 | D:6      | Noticed Dowan
  5145 | D:6      | Killed Dowan
  5157 | D:6      | Killed Duvessa
  5341 | D:6      | Reached XP level 9. HP: 51/55 MP: 9/9
  5531 | D:5      | Bought a pair of gloves for 112 gold pieces
  5710 | D:7      | Reached skill level 7 in Maces & Flails
  5828 | D:7      | Found a shimmering altar of Xom.
  5966 | D:7      | Identified the amulet of Epudu {RegenMP Int+6 Stlth+}
  6211 | D:7      | Found a staircase to the Ecumenical Temple.
  6268 | D:7      | Found a basalt altar of Yredelemnul.
  6294 | D:7      | Reached skill level 8 in Maces & Flails
  6349 | Temple   | Entered the Ecumenical Temple
  6565 | Temple   | Became a worshipper of Gozag Ym Sagoz the Greedy
  6875 | D:7      | Found a stormy altar of Qazlal.
  7292 | D:8      | Reached skill level 9 in Maces & Flails
  7303 | D:8      | Reached XP level 10. HP: 52/64 MP: 10/10
  7612 | D:9      | Found a staircase to the Orcish Mines.
  7643 | D:9      | Reached skill level 10 in Maces & Flails
  7704 | D:9      | Noticed a two-headed ogre
  7740 | D:9      | Killed a two-headed ogre
  7946 | D:9      | Found a burning altar of Makhleb.
  7951 | D:9      | Found an iron altar of Okawaru.
  8026 | D:9      | You fall into a shaft and drop 3 floors!
  8041 | D:12     | Noticed a two-headed ogre
  8045 | D:12     | Noticed a boulder beetle
  8053 | D:12     | Killed a two-headed ogre
  8054 | D:12     | Reached skill level 11 in Maces & Flails
  8111 | D:12     | Noticed a manticore
  8124 | D:12     | Killed a manticore
  8177 | D:12     | Noticed an ogre mage
  8180 | D:12     | Noticed a two-headed ogre
  8181 | D:12     | Noticed a two-headed ogre
  8187 | D:12     | Killed an ogre mage
  8205 | D:12     | Killed a two-headed ogre
  8206 | D:12     | Reached XP level 11. HP: 52/72 MP: 11/11
  8206 | D:12     | Killed a two-headed ogre
  8207 | D:12     | Reached skill level 12 in Maces & Flails
  8212 | D:12     | Noticed a two-headed ogre
  8224 | D:12     | Killed a two-headed ogre
  8225 | D:12     | Reached skill level 10 in Fighting
  8227 | D:12     | Noticed a two-headed ogre
  8313 | D:12     | Killed a two-headed ogre
  8407 | D:11     | Noticed a boulder beetle
  8411 | D:11     | Reached skill level 13 in Maces & Flails
  8514 | D:12     | Noticed a boulder beetle
  8545 | D:12     | Killed a boulder beetle
  8608 | D:12     | Got the Papyrus of Unstable Cold
  8611 | D:12     | Noticed a manticore
  8640 | D:12     | Killed a manticore
  8749 | D:12     | Reached skill level 14 in Maces & Flails
  8991 | D:12     | Killed a boulder beetle
  9286 | D:12     | Noticed a seven-headed hydra
  9293 | D:12     | Killed a seven-headed hydra
  9294 | D:12     | Reached XP level 12. HP: 42/77 MP: 12/12
  9426 | D:12     | Reached skill level 15 in Maces & Flails
  9927 | D:11     | Noticed a two-headed ogre
  9940 | D:11     | Killed a two-headed ogre
  9974 | D:11     | Noticed a two-headed ogre
  9988 | D:11     | Killed a two-headed ogre
  9994 | D:11     | Identified the +3 leather armour "Qisote" {Harm rPois rF+}
 10172 | D:11     | Found a staircase to the Lair.
 10266 | D:10     | Entered Level 10 of the Dungeon
 10343 | D:10     | Noticed Erica
 10358 | D:10     | Killed Erica
 10544 | D:10     | Found a white marble altar of Elyvilon.
 10556 | D:10     | Noticed Sonja
 10561 | D:10     | Noticed an eight-headed hydra
 10569 | D:10     | Killed an eight-headed hydra
 10585 | D:10     | Noticed Sonja
 10585 | D:10     | Sonja changed into Sonja the sky beast
 10590 | D:10     | Killed Sonja the sky beast
 10703 | D:10     | Noticed Josephine
 10715 | D:10     | Killed Josephine
 10913 | D:10     | Found a sacrificial altar of Ru.
 11246 | D:9      | Found a sparkling altar of Nemelex Xobeh.
 11352 | D:13     | Noticed a two-headed ogre
 11360 | D:13     | Killed a two-headed ogre
 11361 | D:13     | Reached skill level 5 in Dodging
 11395 | D:13     | Noticed Frances
 11430 | D:13     | HP: 1/79 [rust devil[Frances] (4)]
 11435 | D:13     | Killed Frances
 11628 | D:13     | Noticed Snorg
 11852 | Lair:1   | Entered Level 1 of the Lair of Beasts
 11947 | Lair:1   | Reached XP level 13. HP: 84/84 MP: 13/13
 12109 | Lair:1   | Noticed Maggie
 12119 | Lair:1   | Killed Maggie
 12180 | Lair:1   | Found a bloodstained altar of Trog.
 12187 | Lair:1   | Found a transporter.
 12196 | Lair:1   | Found a transporter.
 12205 | Lair:1   | Noticed ZodNigurash's ghost (journeyman DjFE)
 13156 | Lair:2   | Noticed Urug
 13168 | Lair:2   | Killed Urug
 14259 | Lair:4   | Reached skill level 16 in Maces & Flails
 14570 | Lair:4   | Found a staircase to the Swamp.
 14815 | Lair:4   | Found a hole to the Spider Nest.
 15396 | Lair:5   | Reached skill level 1 in Evocations
 15606 | Lair:5   | Gained mutation: Your large and strong wings let you fly.
                  | [Gargoyle growth]
 15606 | Lair:5   | Reached XP level 14. HP: 92/92 MP: 14/14
 15945 | Lair:6   | Entered Level 6 of the Lair of Beasts
 16422 | Lair:6   | Reached skill level 10 in Armour
 16428 | Lair:6   | Reached skill level 10 in Shields
 16476 | Lair:6   | Noticed a dire elephant
 16537 | Lair:5   | Killed a dire elephant
 16679 | Lair:6   | Found a staircase to the Slime Pits.
 16704 | Lair:6   | Identified the +1 robe "Roudauz" {+Blink}
 17558 | Lair:5   | Learned a level 2 spell: Passwall
 17936 | Orc:1    | Entered Level 1 of the Orcish Mines
 18172 | Orc:2    | Entered Level 2 of the Orcish Mines
 18351 | Orc:2    | Found a staircase to the Elven Halls.
 18564 | Orc:2    | Found Vodiet's Magic Scroll Boutique.
 18735 | Orc:1    | Reached skill level 17 in Maces & Flails
 18735 | Orc:1    | Reached skill level 5 in Evocations
 18747 | Orc:2    | Paralysed by an ogre mage for 4 turns
 18881 | Orc:2    | Found Geosamm's General Store.
 18882 | Orc:2    | Found Xuumobb's Assorted Antiques.
 18885 | Orc:2    | Found Biergheta's General Store.
 18889 | Orc:2    | Bought a scintillating copper ring for 130 gold pieces
 18889 | Orc:2    | Identified the ring of Wusoa {Fly rPois Str+3} (You bought
                  | it in a shop on level 2 of the Orcish Mines)
 18889 | Orc:2    | Bought a potion of curing for 78 gold pieces
 18895 | Orc:2    | Bought a scroll of magic mapping for 52 gold pieces
 18895 | Orc:2    | Bought a +2 pair of boots for 247 gold pieces
 18910 | Orc:2    | Bought a scroll of teleportation for 36 gold pieces
 18910 | Orc:2    | Bought a scroll of teleportation for 36 gold pieces
 18937 | Orc:2    | Bought a condenser vane for 640 gold pieces
 18937 | Orc:2    | Bought a potion of resistance for 160 gold pieces
 18937 | Orc:2    | Bought a scroll of identify for 32 gold pieces
 18937 | Orc:2    | Bought a scroll of teleportation for 48 gold pieces
 18937 | Orc:2    | Bought a box of beasts for 640 gold pieces
 19187 | Orc:2    | Reached XP level 15. HP: 70/96 MP: 15/15
 19303 | Orc:2    | Reached skill level 18 in Maces & Flails
 19630 | D:5      | Bought a shiny plate armour for 650 gold pieces
 19819 | D:13     | Killed Snorg
 20119 | D:13     | Found a gate to the Vaults.
 21290 | D:14     | Got the Volume of Clay and Darkness
 21445 | D:15     | Entered Level 15 of the Dungeon
 21547 | D:15     | Noticed Kirke
 21606 | D:15     | Noticed a sphinx
 21606 | D:15     | Killed Kirke
 21927 | D:15     | Reached XP level 16. HP: 104/104 MP: 16/16
 22053 | D:15     | Noticed Azrael
 22064 | D:15     | Killed Azrael
 22338 | D:15     | Paralysed by an orc sorcerer for 7 turns
 22420 | D:15     | Found a staircase to the Depths.
 22857 | Lair:1   | Killed ZodNigurash's ghost
 22989 | Spider:1 | Entered Level 1 of the Spider Nest
 24146 | Spider:2 | Found a frozen archway.
 24171 | Spider:2 | Mangled by an entropy weaver simulacrum

Illustrated notes

Levels and vault maps discovered:
D:1:      psy_arrival_whirlpool, layout_basic, serial_shops, shop,
          shapermc_ecumenical_altar_gd, nrook_campfire
D:2:      layout_loops_ring
D:3:      layout_rooms, uniq_crazy_yiuf_cottage
D:4:      layout_basic, nicolae_hepliaklqana_monster_ancestors
D:5:      layout_loops_ring, serial_shops, nicolae_take_the_stairs
D:6:      layout_gridville, mainiacjoe_overflow_paths,
          mainiacjoe_overflow_chevrons, glass_columns_a, uniq_duvessa
D:7:      wad_crossroads, layout_basic, mainiacjoe_overflow_24_doors,
          mainiacjoe_overflow_cross_hatched, general_overflow_altar, temple_hall
D:8:      layout_basic, grunt_temple_overflow_growth_and_decay
D:9:      layout_roguey, kennysheep_mini, nemelex_diamond_rough_becter,
          mainiacjoe_overflow_surrounded_room
D:10:     layout_long_grid, mainiacjoe_overflow_alcove_2, elyvilon_altar_1,
          kennysheep_nub, uniq_sonja, uniq_erica, uniq_josephine
D:11:     layout_cave_pools, lair_entry_dummy
D:12:     layout_stronghold, kennysheep_generic_room_9
D:13:     kennysheep_blocky_hall, layout_loops_cross,
          grunt_vaults_entry_fortified, hive_lemuel, uniq_snorg, uniq_frances
D:14:     layout_big_octagon, serial_glass, glass_columns_c, glass_columns_b,
          kennysheep_kite_vault
D:15:     grunt_enter_depths_magical_seal, layout_irregular_city,
          small_statue_alley_a, uniq_azrael, uniq_kirke
Temple:   compressed_dpeg_triangle_lava_temple
Lair:1:   layout_regular_city, gammafunk_ghost_wrathful_warriors, uniq_maggie
Lair:2:   layout_roguey, uniq_urug
Lair:3:   layout_chaotic_city
Lair:4:   layout_regular_city, swamp_mist, nicolae_spider_entry_orb_guardian
Lair:5:   layout_regular_city, kennysheep_catoblepas_arena,
          infiniplex_staircase_pool_2, grunt_megastairs_2
Lair:6:   grunt_lair_end_beastmaster, layout_cave_pods,
          nicolae_slime_entry_slimehenge
Spider:1: layout_spider_delve
Spider:2: layout_chambers, portal_ice_cave_entry_ice_simulacra
Orc:1:    layout_caves
Orc:2:    st_orc_open, layout_caves, basic_altar

Skill      XL: |  1  2  3  4  5  6  7  8  9 10 11 12 13 14 15 16 |
---------------+-------------------------------------------------+-----
Maces & Flails | 3 4 5 6 9 11 14 15 16 17 18 | 18.0
Fighting       | 4 5 7 9 10 11 12 13 | 13.9
Armour         | 4 5 6 7 9 10 11 12 | 12.3
Dodging        | 1 2 3 4 5 6 8 |  8.0
Shields        | 4 5 6 7 9 10 11 12 | 12.4
Evocations     | 1 5 7 8 |  8.0

Action                   |  1- 3 |  4- 6 |  7- 9 | 10-12 | 13-15 | 16-18 || total
-------------------------+-------+-------+-------+-------+-------+-------++-------
Melee: Flail             |   124 |    17 |       |    42 |       |   128 ||   311
       Hand axe          |       |    85 |   360 |   238 |       |       ||   683
       Morningstar       |       |       |       |   251 |  1576 |   259 ||  2086
 Cast: Passwall          |       |       |       |       |     5 |       ||     5
Invok: Potion Petition   |       |       |       |     3 |       |       ||     3
       Call Merchant     |       |       |       |       |       |     1 ||     1
Evoke: Wand              |       |       |       |    14 |     9 |     4 ||    27
       Phantom mirror    |       |       |       |     1 |       |     1 ||     2
       Condenser vane    |       |       |       |       |     1 |     1 ||     2
  Use: Scroll            |       |       |    16 |     5 |     4 |     3 ||    28
       Potion            |       |       |       |     5 |       |     4 ||     9
 Stab: Distracted        |       |       |     1 |     3 |     7 |     4 ||    15
       Petrified         |       |       |       |       |    10 |       ||    10
Armor: Plate armour      |   101 |    59 |   263 |   298 |   697 |   223 ||  1641
       Scale mail        |     1 |       |       |       |       |       ||     1
Dodge: Dodged            |    30 |    15 |   149 |   369 |  1094 |   284 ||  1941
Block: Buckler           |    28 |    24 |   120 |   162 |   486 |   130 ||   950
